[Event "Tata Steel GCT Blitz 2019"]
[Site "Kolkata"]
[Date "2019.11.25"]
[Round "7"]
[White "Vidit, Santosh Gujrathi"]
[Black "Harikrishna, Pentala"]
[Result "1/2-1/2"]
[ECO "D22"]
[WhiteElo "2722"]
[BlackElo "2731"]
[Annotator "ChessBase"]
[PlyCount "33"]
[EventDate "2019.11.25"]
[EventType "tourn"]
[EventCountry "IND"]
[SourceTitle "playchess.com"]
[Source "ChessBase"]
[SourceQuality "1"]
[TimeMode "Bronstein"]
[TimeControl "300+3"]

1. d4 d5 2. c4 dxc4 3. Nf3 a6 4. e3 b5 5. a4 Bb7 6. axb5 axb5 7. Rxa8 Bxa8 8. b3 e6 9. bxc4 bxc4 10. Ne5 Bb4+ 11. Bd2 Bxd2+ 12. Nxd2 Nf6 13. Qa4+ Nbd7 14. Bxc4 O-O 15. Nef3 c5 16. dxc5 Nxc5 17. Qa3 1/2-1/2